 Dungeon Crawl Stone Soup version bcrawl-1.35.4c (webtiles) character file.

Game seed: 15506273618250149278

121033 Anunax the Insei (level 5, -6/40 HPs)
             Began as a Draconian Transmuter on Feb 22, 2022.
             Was a Follower of Yredelemnul.
             Mangled by Sigmund
             ... wielding a +0 scythe
              (10 damage)
             ... on level 3 of the Dungeon on Feb 24, 2022.
             The game lasted 00:24:19 (2979 turns).

Anunax the Insei (Draconian Transmuter)             Turns: 2979, Time: 00:24:20

Health: -6/40      AC:  5    Str: 12    XL:     5   Next: 5%
Magic:  8/8        EV: 12    Int: 14    God:    Yredelemnul [*.....]
Gold:   148        SH:  0    Dex: 12    Spells: 7/8 levels left

rFire    . . .     SeeInvis .   h - +0 short sword
rCold    . . .     Gourm    .   (no shield)
rNeg     . . .     Faith    .   (armour unavailable)
rPois    .         Spirit   .   (helmet restricted)
rElec    .         Reflect  .   (no cloak)
rCorr    .                      (no gloves)
MR       .....                  (boots currently unavailable)
Stlth    +.........             (no amulet)
HPRegen  0.13/turn              (no ring)
MPRegen  0.11/turn              (no ring)

@: appendage (expiring)
A: unfitting armour, talons 3, cold-blooded, AC +5
a: End Transformation, Renounce Religion


You were on level 3 of the Dungeon.
You worshipped Yredelemnul.
Yredelemnul was aware of your devotion.
You were not hungry.
You had grown temporary talons.
You visited 1 branch of the dungeon, and saw 3 of its levels.

You collected 148 gold pieces.

Inventory:

Hand Weapons
 d - a +0 club
 h - a +0 short sword (weapon)
 l - a +0 hunting sling
Missiles
 a - 298 arrows
 g - 385 bolts
 k - 626 stones (quivered)
Armour
 b - a +0 leather armour
 j - a +0 ring mail
 n - a +0 robe
Scrolls
 f - 2 scrolls of noise
 i - a scroll of identify
 m - 2 scrolls of remove curse
Comestibles
 c - 3 chunks of flesh
 e - 3 rations {!d}


   Skills:
 + Level 1.6 Fighting
 + Level 2.0 Short Blades
 + Level 0.8 Maces & Flails
 + Level 2.5 Dodging
 + Level 0.7 Stealth
 * Level 3.9 Unarmed Combat
 + Level 2.4 Spellcasting
 + Level 2.2 Transmutations


You had 7 spell levels left.
You knew the following spells:

 Your Spells              Type           Power        Failure   Level  Hunger
a - Beastly Appendage     Tmut           #.....       10%         1    None

Your spell library contained the following spells:

 Spells                   Type           Power        Failure   Level  Hunger
 Sticks to Snakes         Tmut           #.......     14%         2    ##.....
 Passwall                 Tmut/Erth      #.......     22%         2    ##.....
 Spider Form              Tmut/Pois      #..          41%         3    ####...
 Ice Form                 Ice/Tmut       #.......     82%         4    ######.
 Blade Hands              Tmut           #.........   95%         5    #######


Dungeon Overview and Level Annotations

Branches:
Dungeon (3/12)

Altars:
Cheibriados
Uskayaw
Yredelemnul

Annotations:
D:3 Sigmund


Innate Abilities, Weirdness & Mutations

Your plain brown scales are hard. (AC +5)
You cannot fit into any form of body armour.
You are cold-blooded and may be slowed by cold attacks.
You have claws for feet.


Message History

Welcome back, Anunax the Draconian Transmuter.
Yredelemnul says: Carry the black torch!
Rouse the idle dead!
Press m to set your skill training.
Press ? for a list of commands and other information.
Are you sure you want to stumble around while confused and next to your hobgoblin skeleton?
Your hobgoblin skeleton barely misses the mummy.
The mummy hits your hobgoblin skeleton!
Your hobgoblin skeleton is destroyed!
Something barely misses you.
You're too confused to move!
Your hobgoblin skeleton barely misses the mummy.
Are you sure you want to stumble around while confused and next to your mummy?
You feel less confused. Something hits you.
* * * LOW HITPOINT WARNING * * *
Deactivating autopickup; reactivate with Ctrl-A.
The mummy barely misses you.
Your hobgoblin skeleton closely misses the mummy.
You hit something but do no damage. Something hits you!
You die...
Your body rises from the dead as a mindless zombie.

...........# ..............#
...........(ZM##
....#......MZ.#
######........###.##
#........#.#........ #######
#........#.#........ .......
#.............>.....
.......##..@M.........M.....
..........{M......###.......
.......##..Z.............##.
.......##.........#####.....
...................######...
.......####.###.##.....##...
#####.# #.##Z.##^.##......
#< #.#.Z##.......#... #.
#.#.###.......#...


You could see a mummy, a friendly mummy and a friendly hobgoblin skeleton.

Vanquished Creatures
  3 adders
  5 worms (D:2)
  A dart slug (D:1)
  4 leopard geckos
  3 giant cockroaches
  6 goblins
  8 hobgoblins
  3 jackals (D:2)
  5 kobolds (D:2)
  2 quokkas
  A ball python (D:1)
  8 bats
  4 frilled lizards
  4 rats
57 creatures vanquished.

Vanquished Creatures (collateral kills)
  2 adders
  A worm (D:3)
  3 leopard geckos
  An orc (D:3)
  4 hobgoblins
  A jackal (D:2)
  A kobold (D:3)
13 creatures vanquished.

Vanquished Creatures (others)
  An adder skeleton (D:3)
  2 hobgoblin skeletons (D:3)
  A leopard gecko zombie (D:3)
  An orc zombie (D:3)
  A quokka zombie (D:3)
6 creatures vanquished.

Grand Total: 76 creatures vanquished

Notes
Turn   | Place    | Note
-------+----------+-------------------------------------------
     0 | D:1      | Anunax the Draconian Transmuter began the quest for the
                  | Orb.
     0 | D:1      | Reached XP level 1. HP: 16/16 MP: 3/3
   348 | D:1      | Reached XP level 2. HP: 17/23 MP: 5/5
  1220 | D:2      | Found a basalt altar of Yredelemnul.
  1244 | D:2      | Became a worshipper of Yredelemnul the Dark
  1295 | D:2      | Reached XP level 3. HP: 23/28 MP: 6/6
  2084 | D:2      | Reached XP level 4. HP: 22/35 MP: 7/7
  2351 | D:2      | Found a snail-covered altar of Cheibriados.
  2415 | D:2      | Reached skill level 1 in Short Blades
  2466 | D:2      | Found a hide-covered altar of Uskayaw.
  2616 | D:2      | Reached * piety under Yredelemnul
  2941 | D:3      | Noticed Sigmund
  2951 | D:3      | Reached XP level 5. HP: 38/40 MP: 8/8
  2979 | D:3      | Mangled by Sigmund

Skill      XL: |  1  2  3  4 |
---------------+-------------+-----
Dodging        | 2 |  2.5
Short Blades   | 2 |  2.0
Fighting       | |  1.6
Maces & Flails | |  0.8
Stealth        | |  0.7
Unarmed Combat | |  3.9
Spellcasting   | |  2.4
Transmutations | |  2.2

Action                   |  1- 3 |  4- 6 || total
-------------------------+-------+-------++-------
Melee: Club              |    36 |       ||    36
       Tailslap          |    16 |    12 ||    28
       Unarmed           |     2 |       ||     2
       Short sword       |   140 |    66 ||   206
       Hunting sling     |     2 |       ||     2
       Headbutt          |     1 |       ||     1
       Punch             |     3 |     2 ||     5
       Kick              |       |     2 ||     2
 Cast: Beastly Appendage |     6 |     2 ||     8
 Abil: End Transformatio |     1 |       ||     1
  Use: Scroll            |     4 |       ||     4
       Potion            |     2 |     1 ||     3
 Stab: Sleeping          |       |     1 ||     1
  Eat: Ration            |     2 |       ||     2
       Chunk             |     1 |     5 ||     6
Armor: Skin              |    35 |    28 ||    63
Dodge: Dodged            |   109 |    54 ||   163
